 Dungeon Crawl Stone Soup version 0.30-a0-6-g7c9e10e132 (webtiles) character file.

Game seed: 9283697861399737763

96343 siradein the Warrior (level 16, -7/161 HPs)
             Began as a Hill Orc Fighter on Aug 22, 2022.
             Was the Champion of Yredelemnul.
             Mangled by an enormous slime creature (73 damage)
             ... on level 14 of the Dungeon.
             The game lasted 01:03:02 (24084 turns).

siradein the Warrior (Hill Orc Fighter)            Turns: 24084, Time: 01:03:02

Health: -7/161     AC: 28    Str: 37    XL:     16   Next: 16%
Magic:  26/26      EV: 12    Int: 11    God:    Yredelemnul [******]
Gold:   578        SH:  8    Dex: 22    Spells: 15/15 levels left

rFire   + . .      SeeInvis +    z - +7 broad axe of the Shouting Seer {freeze, Dex+4}
rCold   + . .      Faith    .    c - +0 buckler
rNeg    + + +      Spirit   .    l - +6 scale mail of Compression {rElec rN+++ Str-2 Dex+2}
rPois   .          Reflect  .    v - +0 helmet
rElec   +          Harm     .    U - +2 cloak
rCorr   .          Rampage  +    P - +3 pair of gauntlets of War {Slay+5}
Will    +++..                    V - +2 pair of boots
Stlth   ++........               h - amulet "Odwiobb" {RegenMP Rampage Str+4 Dex+6 SInv Stlth+}
HPRegen 0.36/turn                I - ring "Xevufei" {Fly rF+ Will+ Str+4 Stlth+}
MPRegen 0.60/turn                p - ring of Wicwe {Fly rC+ Str+4 Int+3 Slay+2}

@: flying
A: strong-willed 1
a: Renounce Religion, Recall Undead Harvest, Dark Bargain, Drain Life, Bind Soul


You were on level 14 of the Dungeon.
You worshipped Yredelemnul.
Yredelemnul was pleased with you.
You visited 4 branches of the dungeon, and saw 22 of its levels.
You also visited: Sewer, Ice Cave and Volcano.

You collected 2417 gold pieces.
You spent 1839 gold pieces at shops.

Inventory:

Hand Weapons
 u - a +3 morningstar of freezing
 z - the +7 broad axe of the Shouting Seer (weapon) {freeze, Dex+4}
   (You acquired it in an ice cave)

   It freezes those it strikes, dealing additional cold damage.
   It can also slow down cold-blooded creatures.
   Dex:       It affects your dexterity (+4).
Missiles
 y - 16 boomerangs (quivered)
 J - 5 throwing nets
 T - 12 javelins
Armour
 c - a +0 buckler (worn)
 l - the +6 scale mail of Compression (worn) {rElec rN+++ Str-2 Dex+2}
   (You bought it in a shop on level 4 of the Dungeon)

   Str:       It affects your strength (-2).
   Dex:       It affects your dexterity (+2).
   rElec:     It insulates you from electricity.
   rN:        It renders you almost immune to negative energy.
 v - a +0 helmet (worn)
 P - the +3 pair of gauntlets of War (worn) {Slay+5}
   (You found it on level 7 of the Dungeon)

   Slay:      It affects your accuracy & damage with ranged weapons and melee
   (+5).
 U - a +2 cloak (worn)
 V - a +2 pair of boots (worn)
Jewellery
 h - the amulet "Odwiobb" (around neck) {RegenMP Rampage Str+4 Dex+6 SInv Stlth+}
   (You acquired it on level 1 of the Lair of Beasts)

   [amulet of magic regeneration]

   It increases your rate of magic regeneration.
   Str:       It affects your strength (+4).
   Dex:       It affects your dexterity (+6).
   SInv:      It lets you see invisible.
   Rampage:   It bestows one free step when moving towards enemies.
   Stlth:     It makes you more stealthy.
 i - a +4 ring of slaying
 p - the ring of Wicwe (right hand) {Fly rC+ Str+4 Int+3 Slay+2}
   (You bought it in a shop on level 2 of the Orcish Mines)

   [ring of flight]

   Str:       It affects your strength (+4).
   Int:       It affects your intelligence (+3).
   Slay:      It affects your accuracy & damage with ranged weapons and melee
   (+2).
   rC:        It protects you from cold.
   Fly:       It grants you flight.
 I - the ring "Xevufei" (left hand) {Fly rF+ Will+ Str+4 Stlth+}
   (You found it on level 13 of the Dungeon)

   [ring of flight]

   Str:       It affects your strength (+4).
   rF:        It protects you from fire.
   Fly:       It grants you flight.
   Will:      It increases your willpower.
   Stlth:     It makes you more stealthy.
Wands
 G - a wand of charming (11)
 K - a wand of roots (20)
 O - a wand of polymorph (23)
 W - a wand of mindburst (12)
 X - a wand of flame (13)
 Y - a wand of acid (20)
Scrolls
 e - 3 scrolls of blinking
 g - 7 scrolls of magic mapping
 m - 4 scrolls of fog
 n - a scroll of acquirement
 r - a scroll of brand weapon
 t - 9 scrolls of enchant weapon
 w - 3 scrolls of torment
 A - a scroll of silence
 B - 6 scrolls of fear
 D - 16 scrolls of teleportation
 E - 4 scrolls of amnesia
 Q - 3 scrolls of immolation
 Z - a scroll of summoning
Potions
 a - 4 potions of mutation
 d - 5 potions of might
 j - 8 potions of heal wounds
 k - 4 potions of magic
 q - 6 potions of invisibility
 s - 3 potions of resistance
 x - 2 potions of cancellation
 C - 9 potions of haste
 F - 7 potions of curing
 M - 12 potions of ambrosia
 N - 5 potions of brilliance
 R - 2 potions of berserk rage
Miscellaneous
 b - a box of beasts
 f - a phantom mirror
 o - a condenser vane
 H - a phial of floods
 L - a tin of tremorstones (2/2)


   Skills:
 + Level 19.5 Fighting
 - Level 18.0 Axes
 + Level 12.9 Armour
 + Level 3.0 Dodging
 + Level 12.9 Shields
 + Level 13.6 Invocations
 + Level 3.8 Evocations


You had 15 spell levels left.
You didn't know any spells.
Your spell library contained the following spells:

 Spells                   Type           Power      Damage    Failure   Level
 Apportation              Tloc           0%         N/A       54%         1
 Slow                     Hex            0%         N/A       54%         1
 Sublimation of Blood     Necr           0%         N/A       69%         2
 Call Canine Familiar     Summ           0%         N/A       89%         3
 Dazzling Flash           Conj/Hex       0%         N/A       89%         3
 Ozocubu's Armour         Ice            0%         N/A       89%         3
 Portal Projectile        Hex/Tloc       0%         N/A       89%         3
 Summon Guardian Golem    Hex/Summ       0%         N/A       89%         3
 Airstrike                Air            0%         2d(0-16)  100%        4
 Fulminant Prism          Conj/Hex       0%         3d6       100%        4
 Hailstorm                Conj/Ice       0%         3d3       100%        4
 Ice Form                 Ice/Tmut       0%         N/A       100%        4
 Iskenderun's Mystic Bla  Conj/Tloc      0%         2d3       100%        4
 Leda's Liquefaction      Hex/Erth       0%         N/A       100%        4
 Petrify                  Tmut/Erth      0%         N/A       100%        4
 Summon Lightning Spire   Summ/Air       0%         N/A       100%        4
 Alistair's Intoxication  Tmut/Pois      0%         N/A       100%        5
 Irradiate                Conj/Tmut      0%         3d11      100%        5
 Lee's Rapid Deconstruct  Erth           0%         3d5*      100%        5
 Lightning Bolt           Conj/Air       0%         1d11      100%        5
 Metabolic Englaciation   Hex/Ice        0%         N/A       100%        5
 Silence                  Hex/Air        0%         N/A       100%        5
 Starburst                Conj/Fire      0%         6d3       100%        6
 Orb of Destruction       Conj           0%         9d5       100%        7
 Spellforged Servitor     Conj/Summ      0%         N/A       100%        7
 Simulacrum               Ice/Necr       Unusable   N/A       N/A         6

Dungeon Overview and Level Annotations

Branches:
Dungeon (14/15)            Temple (1/1) D:6            Lair (5/5) D:8
  Swamp (0/4) Lair:3        Snake (0/4) Lair:2        Slime (0/5) Lair:5
    Orc (2/2) D:11            Elf (0/3) Orc:2        Vaults (0/5) D:14
  Sewer (visited)           IceCv (visited)         Volcano (visited)

Altars:
Ashenzari
Cheibriados
Dithmenos
Elyvilon
Fedhas
Gozag
Hepliaklqana
Kikubaaqudgha
Makhleb
Nemelex Xobeh
Okawaru
Qazlal
Ru
Sif Muna
Trog
Uskayaw
Vehumet
Wu Jian
Xom
Yredelemnul
Zin
The Shining One
Beogh
Jiyva

Shops:
D:1 =   D:2 =   D:4 [   D:11 *   D:12 :   D:13 =   Orc:1 *   Orc:2 *=:(!==[

Annotations:
Lair:2 exclusion: 2 oklob plants


Innate Abilities, Weirdness & Mutations

You are strong-willed. (Will+)


Message History

You freeze the very large slime creature.
The very large slime creature is moderately wounded.
You cut the very large slime creature into ribbons!!!
You freeze the very large slime creature!
The very large slime creature is heavily wounded.
You block the very large slime creature's attack.
Unknown command.
You hit the very large slime creature.
You freeze the very large slime creature.
The very large slime creature is heavily wounded.
The very large slime creature hits you!!
A slime creature comes into view.
Unknown command.
You slice the very large slime creature!!
You freeze the very large slime creature.
The very large slime creature is severely wounded.
You hear an angry hiss.
Unknown command.
You slice the very large slime creature like a ripe choko!!!
You freeze the very large slime creature.
The very large slime creature is almost dead.
The very large slime creature hits you!!
Unknown command.
You slash the very large slime creature!
You freeze the very large slime creature.
The very large slime creature is almost dead.
The very large slime creature hits you!!!
Two slime creatures merge to form an enormous slime creature.
Unknown command.
You are too injured to fight recklessly!
Unknown command.
You slice the enormous slime creature!! You freeze the enormous slime creature.
The enormous slime creature is almost dead.
You slash the enormous slime creature! You freeze the enormous slime creature.
The enormous slime creature is almost dead.
You slice the enormous slime creature!! You freeze the enormous slime creature!
The enormous slime creature is almost dead.
The enormous slime creature hits you!!!!
You die...
Your body rises from the dead as a mindless zombie.

# .### # ..# #. #.
####..#
#.##.##≈§##.#
.#####..#.#§..≈#J#
.#. ......#≈..Z#@#
..(####...##≈§ZZZ#
..##≈§##...###ZZZ#
..#≈(.≈#.....ZZZZ#
..#≈..≈#.....ZZZ.#
..##≈§§....####..#
...###....## ##.#
..........# #.#
))........# .#


You could see an enormous slime creature (ally target), a friendly vampire
mosquito zombie, a friendly deep elf pyromancer zombie, a friendly centaur
warrior zombie, 9 friendly human zombies and the friendly Urug the orc zombie.

Vanquished Creatures
  Rupert (D:14)
  Gastronok (D:8)
  Kirke (Lair:3)
  An orc warlord (Orc:1)
  A stone giant (Volcano)
  A vampire knight (D:13)
  The ghost of greenreed the Basher, a journeyman DrBe of Trog (D:13)
  5 boulder beetles
  4 hydras
  2 two-headed ogres
  4 centaur warriors
  A catoblepas (Lair:1)
  Urug (D:14)
  2 orc high priests (Orc:2)
  4 skeletal warriors
  A sea snake (Lair:5)
  A phantasmal warrior (D:13)
  Pikel (D:4)
  2 lindwurms (Lair:5)
  4 orc knights
  2 deep elf pyromancers
  5 ugly things
  A wolf spider zombie (D:13)
  2 manticores
  3 orc sorcerers
  15 elephants
  2 black mambas
  3 ice statues (IceCv)
  4 cane toads
  2 gargoyles
  4 kobold demonologists
  An unseen horror (shapeshifter) (D:13)
  8 rime drakes
  A komodo dragon (Lair:5)
  A yaktaur (D:11)
  An efreet (Volcano)
  2 queen bees
  2 ice devils (D:11)
  4 hornets
  4 blink frogs
  3 polar bears
  11 trolls
  2 slime creatures (D:9)
  A snapping turtle (Lair:5)
  A dire elephant simulacrum (IceCv)
  6 wraiths
  13 wyverns
  A shadow (D:11)
  41 yaks
  2 fire elementals (Volcano)
  9 humans (D:14)
  2 hogs (Lair:3)
  5 basilisks
  2 steam dragons
  6 vampire mosquitoes
  2 death yak simulacra (IceCv)
  Edmund (D:6)
  3 wargs
  5 acid dragons
  A hydra simulacrum (IceCv)
  13 water moccasins
  31 orc warriors
  An ice beast (D:8)
  A black bear (Lair:1)
  A sky beast (D:8)
  A phantom (D:5)
  7 ogres
  26 wolves
  13 centaurs
  2 kobold brigands
  2 lemures (D:4)
  12 bullfrogs
  A gnoll sergeant (D:11)
  2 necrophages (D:7)
  A cane toad simulacrum (IceCv)
  2 earth elementals (Volcano)
  4 scorpions
  8 wights
  64 killer bees
  An elephant simulacrum (IceCv)
  6 howler monkeys (D:8)
  An electric eel (D:10)
  3 lava snakes
  3 jellies
  11 orc priests
  2 hounds
  A spectral boggart (D:13)
  8 hell rats
  An iguana (D:7)
  13 orc wizards
  Terence (D:3)
  A statue (D:13)
  A wolf simulacrum (IceCv)
  9 gnolls
  16 adders
  8 river rats
  A white imp (D:7)
  An ufetubus (D:5)
  4 worms
  2 dart slugs
  42 orcs
  12 endoplasms
  2 giant cockroaches
  22 goblins
  16 hobgoblins
  7 jackals
  39 kobolds
  4 quokkas
  11 ball pythons
  A bat (D:2)
  3 frilled lizards
  23 rats
  A fungus (Orc:2)
692 creatures vanquished.

Vanquished Creatures (collateral kills)
  Nessos (D:13)
  A dire elephant (Lair:5)
  2 boulder beetles
  2 hydras (Lair:5)
  A two-headed ogre (D:12)
  2 death knights (D:13)
  A merfolk avatar (Lair:5)
  An orc high priest (Orc:1)
  Sonja (Lair:1)
  A skeletal warrior (D:14)
  2 orc knights
  A necromancer (D:13)
  A manticore (Lair:5)
  4 elephants
  An unseen horror (D:13)
  A cane toad (Lair:2)
  A freezing wraith (D:13)
  A troll (Orc:2)
  A wind drake (Lair:5)
  4 polar bears (Lair:5)
  A wolf spider simulacrum (D:13)
  A blink frog (Lair:5)
  A slime creature (D:9)
  A wraith (D:10)
  5 yaks
  7 humans (D:14)
  2 basilisks
  A hog (Lair:3)
  A steam dragon (Lair:5)
  2 wargs (Orc:2)
  An acid dragon (D:9)
  A meliai simulacrum (D:13)
  7 orc warriors
  An ogre (Orc:2)
  2 wolves (Lair:5)
  A wight (D:9)
  2 killer bees (Lair:2)
  A howler monkey (D:9)
  2 orc priests
  An orc wizard (Orc:1)
  6 orcs
  A kobold (D:10)
78 creatures vanquished.

Vanquished Creatures (others)
  An ugly thing zombie (IceCv)
  An unseen horror zombie (D:13)
  A black mamba zombie (Lair:2)
  2 hornet zombies (Lair:5)
  An elf zombie (D:11)
  An elephant zombie (Lair:2)
  A vampire mosquito zombie (D:13)
  A blink frog zombie (Lair:5)
  A rime drake zombie (Lair:2)
  A wyvern zombie (Lair:5)
  A warg zombie (Orc:2)
  2 troll zombies
  2 yak zombies (Lair:2)
  2 wolf zombies
  A basilisk zombie (D:11)
  7 centaur zombies
  2 kobold zombies
  19 killer bee zombies
  An acid dragon zombie (D:11)
  2 hell rat zombies (Lair:4)
  A gnoll zombie (D:11)
  A river rat zombie (Lair:2)
  13 orc zombies
  91 fungi
  107 plants
263 creatures vanquished.

Grand Total: 1033 creatures vanquished

Notes
Turn   | Place    | Note
-------+----------+-------------------------------------------
     0 | D:1      | siradein the Hill Orc Fighter began the quest for the Orb.
     0 | D:1      | Reached XP level 1. HP: 19/19 MP: 1/1
   149 | D:1      | Reached XP level 2. HP: 26/27 MP: 2/2
   373 | D:1      | Found Vioc Ank's Jewellery Boutique.
   393 | D:1      | Reached skill level 4 in Fighting
   599 | D:1      | Reached XP level 3. HP: 33/33 MP: 3/3
  1281 | D:2      | Reached XP level 4. HP: 36/41 MP: 4/4
  1833 | D:2      | Found a faded altar of an unknown god.
  1968 | D:2      | Found Kyumizim's Jewellery Shop.
  2673 | D:3      | Reached XP level 5. HP: 47/47 MP: 5/5
  2833 | D:3      | Noticed Terence
  2840 | D:3      | Killed Terence
  3089 | D:3      | Reached skill level 5 in Fighting
  3456 | D:4      | Reached XP level 6. HP: 32/56 MP: 6/6
  3495 | D:4      | Reached skill level 5 in Axes
  3531 | D:4      | Found a glowing drain.
  3555 | Sewer    | Entered a sewer
  3900 | Sewer    | Reached skill level 5 in Armour
  3900 | Sewer    | Reached skill level 5 in Shields
  3902 | Sewer    | Reached XP level 7. HP: 28/61 MP: 7/7
  4390 | D:4      | Reached XP level 8. HP: 69/69 MP: 8/8
  4391 | D:4      | Reached skill level 12 in Fighting
  4391 | D:4      | Reached XP level 9. HP: 91/91 MP: 9/9
  4392 | D:4      | Reached skill level 15 in Fighting
  4392 | D:4      | Reached XP level 10. HP: 105/105 MP: 10/10
  4412 | D:4      | Noticed Pikel
  4424 | D:4      | Killed Pikel
  4609 | D:4      | Found a snail-covered altar of Cheibriados.
  4635 | D:4      | Found Soep's Armour Shoppe.
  4667 | D:4      | Found a bloodstained altar of Trog.
  5021 | D:4      | Identified the +2 ring mail "Tinas" {rF+ Int+4}
  5191 | D:5      | Entered Level 5 of the Dungeon
  6332 | D:6      | Noticed Edmund
  6341 | D:6      | Killed Edmund
  6638 | D:6      | Found a staircase to the Ecumenical Temple.
  6808 | Temple   | Entered the Ecumenical Temple
  6903 | Temple   | Became a worshipper of Yredelemnul the Dark
  7247 | D:7      | Reached * piety under Yredelemnul
  7429 | D:7      | Reached ** piety under Yredelemnul
  7573 | D:7      | Found the +3 pair of gauntlets of War {Slay+5}
  7719 | D:7      | Reached skill level 1 in Invocations
  7800 | D:8      | Found a glowing golden altar of the Shining One.
  7801 | D:8      | Found a stormy altar of Qazlal.
  8031 | D:8      | Noticed Gastronok
  8041 | D:8      | Killed Gastronok
  8042 | D:8      | Reached XP level 11. HP: 111/114 MP: 12/12
  8073 | D:8      | Found a radiant altar of Vehumet.
  8097 | D:8      | Reached *** piety under Yredelemnul
  8245 | D:8      | Found a staircase to the Lair.
  8456 | D:8      | Reached **** piety under Yredelemnul
  8464 | D:8      | Reached ***** piety under Yredelemnul
  8564 | D:8      | Reached skill level 16 in Fighting
  9573 | D:9      | Reached skill level 5 in Invocations
  9602 | D:9      | Reached ****** piety under Yredelemnul
  9767 | D:10     | Entered Level 10 of the Dungeon
  9890 | D:10     | Reached XP level 12. HP: 122/122 MP: 15/15
 10212 | D:10     | Noticed a two-headed ogre
 10217 | D:10     | Killed a two-headed ogre
 10224 | D:10     | Identified 2 scrolls of acquirement
 10864 | D:11     | Noticed a boulder beetle
 10878 | D:11     | Killed a boulder beetle
 10986 | D:11     | Noticed a two-headed ogre
 10991 | D:11     | Killed a two-headed ogre
 11005 | D:11     | Found Hiaquyko's Assorted Antiques.
 11333 | D:11     | Found a frozen archway.
 11352 | IceCv    | Entered an ice cave
 11370 | IceCv    | Acquired the +7 broad axe of the Shouting Seer {freeze,
                  | Dex+4}
 12344 | IceCv    | Got Sif Muna's Folio of the Glacier and Spellbinding
 12351 | IceCv    | Identified the +0 scale mail "Ylaj" {Rampage}
 12453 | D:11     | Noticed a boulder beetle
 12454 | D:11     | Noticed a boulder beetle
 12454 | D:11     | Noticed a boulder beetle
 12472 | D:11     | Identified the +4 short sword of Agupsoso {protect, MP+9
                  | Int+3}
 12477 | D:11     | Killed a boulder beetle
 12485 | D:11     | Reached XP level 13. HP: 63/130 MP: 18/18
 12917 | D:11     | Reached skill level 17 in Fighting
 13202 | D:11     | Identified the ring of Zaruen {Wiz rN+ Will++ Slay-5}
 13564 | D:11     | Found a staircase to the Orcish Mines.
 13965 | Lair:1   | Entered Level 1 of the Lair of Beasts
 13966 | Lair:1   | Acquired the amulet "Odwiobb" {RegenMP Rampage Str+4 Dex+6
                  | SInv Stlth+}
 14233 | Lair:1   | Found a dark tunnel.
 14244 | Volcano  | Entered a volcano
 14289 | Volcano  | Noticed a stone giant
 14294 | Volcano  | Killed a stone giant
 14878 | Lair:1   | Noticed Sonja
 14896 | Lair:1   | Killed Sonja
 15295 | D:4      | Bought the +6 scale mail of Compression {rElec rN+++ Str-2
                  | Dex+2} for 966 gold pieces
 15540 | Lair:2   | Reached skill level 10 in Shields
 15542 | Lair:2   | Reached skill level 10 in Armour
 15675 | Lair:2   | Reached XP level 14. HP: 118/141 MP: 21/21
 15707 | Lair:2   | Reached skill level 10 in Invocations
 15917 | Lair:2   | Found a staircase to the Snake Pit.
 16304 | Lair:2   | Gained mutation: You are strong-willed. (Will+) [potion of
                  | mutation]
 16676 | Lair:3   | Reached skill level 18 in Fighting
 16896 | Lair:3   | Found a staircase to the Swamp.
 16989 | Lair:3   | Noticed Kirke
 16999 | Lair:3   | Killed Kirke
 18408 | Lair:5   | Entered Level 5 of the Lair of Beasts
 18544 | Lair:5   | Noticed a dire elephant
 18550 | Lair:5   | Killed a dire elephant
 18771 | Lair:5   | Reached XP level 15. HP: 119/150 MP: 22/24
 19036 | Lair:5   | Found a viscous altar of Jiyva.
 19037 | Lair:5   | Found a staircase to the Slime Pits.
 19951 | D:12     | Found Ebbeq's Book Boutique.
 20554 | Orc:1    | Entered Level 1 of the Orcish Mines
 20554 | Orc:1    | Found Goce's Overcharged Wands.
 20598 | Orc:1    | Noticed an orc warlord
 20614 | Orc:1    | Killed an orc warlord
 20784 | Orc:1    | Reached skill level 19 in Fighting
 20851 | Orc:1    | Found a roughly hewn altar of Beogh.
 21221 | Orc:2    | Entered Level 2 of the Orcish Mines
 21222 | Orc:2    | Found Dugogom's Antique Weapon Shop.
 21311 | Orc:2    | Found Urriw's Jewellery Boutique.
 21368 | Orc:2    | Found Fuazalys's Antique Armour Emporium.
 21374 | Orc:2    | Reached skill level 1 in Evocations
 21476 | Orc:2    | Found a staircase to the Elven Halls.
 21589 | Orc:2    | Found Ywesh's Jewellery Boutique.
 21600 | Orc:2    | Found Haemaorch's Jewellery Shoppe.
 21603 | Orc:2    | Bought the ring of Wicwe {Fly rC+ Str+4 Int+3 Slay+2} for
                  | 873 gold pieces
 21635 | Orc:2    | Found Wipofipt's Book Shop.
 21635 | Orc:2    | Noticed an orc warlord
 21645 | Orc:2    | Killed an orc warlord
 21645 | Orc:2    | Enslaved an orc warlord
 21651 | Orc:2    | Reached skill level 1 in Dodging
 21665 | Orc:2    | HP: 7/152 [poisoned by an orc knight]
 22146 | Orc:2    | Found Jukhloh's General Store.
 22197 | Orc:2    | Found Vyumn's Distillery.
 22815 | D:13     | Found a transporter.
 22818 | D:13     | Noticed greenreed's ghost (journeyman DrBe)
 22857 | D:13     | Found Pefreff's Jewellery Shoppe.
 22897 | D:13     | Identified the +9 spear of Pride {vorpal, Will+}
 22926 | D:13     | Found a radiant altar of Vehumet.
 22972 | D:13     | Noticed Nessos
 22981 | D:13     | Killed Nessos
 23059 | D:13     | Identified the ring "Xevufei" {Fly rF+ Will+ Str+4 Stlth+}
 23315 | D:13     | Found a transporter.
 23451 | D:13     | Killed greenreed's ghost
 23667 | D:14     | Noticed Rupert
 23667 | D:14     | Noticed Urug
 23667 | D:14     | Found a gate to the Vaults.
 23678 | D:14     | Killed Rupert
 23679 | D:14     | Reached XP level 16. HP: 106/161 MP: 26/26
 23679 | D:14     | Killed Urug
 24084 | D:14     | Mangled by an enormous slime creature

Illustrated notes

Levels and vault maps discovered:
D:1:      amcnicky_arrival_wind_blow, layout_basic, serial_shops, shop,
          minmay_misc_feat_more_columns, minmay_hexomino_f4
D:2:      wad_river_or_something, layout_basic, serial_shops, shop,
          ebering_ecumenical_altar_sacrificial
D:3:      corexii_shack_village, layout_loops_ring, fountainhead,
          kennysheep_doodads, uniq_terence
D:4:      cheibrodos_barr_body, layout_basic, nicolae_overflow_crystal_walls,
          kennysheep_little_box, serial_shops, shop,
          cheibrodos_sewer_entry_bend, hex_large, uniq_pikel
D:5:      layout_gridville
D:6:      layout_basic, minmay_temple_entry_trees, dreamdust_princess_bridge,
          minmay_strange_pillars, minmay_ogre_servants, uniq_edmund
D:7:      kennysheep_six_static_rooms, layout_cave_pools, kennysheep_crisscross
D:8:      layout_loops_corners, mainiacjoe_overflow_24_doors,
          chequers_temple_overflow_statue_of_worship, hangedman_decor_points,
          uniq_gastronok
D:9:      layout_irregular_city, grunt_potential
D:10:     layout_roguey, chequers_big_river, lightli_fourway_metalbox
D:11:     nicolae_whirlpool, layout_basic, david_orc_1_choice,
          portal_ice_cave_demonic_guard, serial_shops, shop_fountains,
          minmay_the_grid_square_5x5_3x3_mashed
          [minmay_the_grid_square_5x5_fat_x,
          minmay_the_grid_square_5x5_pentomino_r,
          minmay_the_grid_square_5x5_six_small,
          minmay_the_grid_square_5x5_shrine1,
          minmay_the_grid_square_5x5_megaprize_checkered,
          minmay_the_grid_square_5x5_sharp_hourglass,
          minmay_the_grid_square_5x5_longway,
          minmay_the_grid_square_5x5_eight_small,
          minmay_the_grid_square_5x5_checkered_statues]
D:12:     layout_loops_cross, serial_shops, shop
D:13:     layout_roguey, gammafunk_ghost_mausoleum, serial_shops,
          nicolae_shop_temple_entry_statues_fountains, vehumet_statue,
          uniq_nessos
D:14:     kennysheep_scales, layout_gridville, david_vaults_3,
          ashenzari_altar_1, uniq_roxanne, uniq_agnes, uniq_snorg
Temple:   minmay_temple_bridge_d
Lair:1:   layout_roguey [special_room_bee], lightli_volcano_entry_magma_tube,
          uniq_sonja
Lair:2:   hangedman_what_comes_after_a, layout_chaotic_city, grunt_megastairs_4
Lair:3:   layout_cave_pods, minmay_swamp_entry_worms,
          chequers_serial_rivers_small_b, grunt_megastairs_5, uniq_kirke,
          uniq_rupert
Lair:4:   layout_cave_pods, special_room [special_room_mythical_zoo]
Lair:5:   gammafunk_lair_ancient_temple, layout_regular_city,
          dpeg_slime_entry_enclosed
Orc:1:    orc_temple, layout_caves, nicolae_shop_overcharged_wands
Orc:2:    grunt_orc_gardens, layout_caves, grunt_orc_garden, grunt_orc_garden,
          grunt_orc_garden, grunt_orc_garden, serial_shops, shop, shop_statue,
          shop, shop, nicolae_orc_sculptors_studio

Skill      XL: |  1  2  3  4  5  6  7  8  9 10 11 12 13 14 15 16 |
---------------+-------------------------------------------------+-----
Axes           | 3 4 5 16 17 18 | 18.0
Fighting       | 4 5 12 15 16 17 18 19 | 19.5
Shields        | 4 5 6 7 8 10 11 12 | 12.9
Armour         | 4 5 6 7 8 10 11 12 | 12.9
Invocations    | 2 5 7 9 12 13 | 13.6
Evocations     | 3 |  3.8
Dodging        | 2 3 |  3.0

Action                   |  1- 3 |  4- 6 |  7- 9 | 10-12 | 13-15 | 16-18 || total
-------------------------+-------+-------+-------+-------+-------+-------++-------
Melee: War axe           |    81 |   175 |    33 |   400 |       |       ||   689
       Broad axe         |       |       |       |    71 |   591 |    41 ||   703
       Morningstar       |       |       |       |       |     9 |       ||     9
Throw: Boomerang         |       |       |       |       |     4 |       ||     4
Invok: Bind Soul         |       |       |       |     1 |     2 |       ||     3
       Recall Undead Har |       |       |       |       |     2 |       ||     2
       Dark Bargain      |       |       |       |       |     2 |       ||     2
Evoke: Wand              |       |       |       |     1 |       |       ||     1
  Use: Scroll            |       |     5 |     1 |    15 |    17 |       ||    38
       Potion            |       |       |     3 |       |     1 |       ||     4
 Stab: Distracted        |       |       |       |     2 |    10 |     1 ||    13
       Sleeping          |       |       |       |       |     1 |     1 ||     2
Armor: Scale mail        |    27 |    99 |    10 |     5 |   229 |     7 ||   377
       Ring mail         |       |       |       |    97 |       |       ||    97
       Chain mail        |       |       |       |    27 |    92 |       ||   119
Dodge: Dodged            |    25 |    85 |    18 |   133 |   214 |    11 ||   486
Block: Buckler           |    13 |    46 |     5 |    68 |   211 |    12 ||   355

Table legend: (Time is in decaauts)
 A = Elapsed time spent in this place.
 B = Non-inter-level travel time spent in this place.
 C = Inter-level travel time spent in this place.
 D = Time resting spent in this place.
 E = Time spent auto-exploring this place.
 F = Levels seen in this place.
 G = Mean time per level.
                   A        B        C        D        E       F      G
               +--------+--------+--------+--------+--------+-----+--------+
         Total |  26417 |  24451 |   1966 |   1318 |  19070 |  25 | 1056.7 |
       Dungeon |  15718 |  14223 |   1495 |    267 |  11650 |  14 | 1122.7 |
        Temple |    165 |     75 |     90 |      0 |     65 |   1 |  165.0 |
          Lair |   5978 |   5702 |    276 |      0 |   4801 |   5 | 1195.6 |
  Orcish Mines |   2219 |   2116 |    103 |    392 |   1461 |   2 | 1109.5 |
         Sewer |    862 |    862 |      0 |     39 |    617 |   1 |  862.0 |
      Ice Cave |   1051 |   1051 |      0 |    620 |    163 |   1 | 1051.0 |
       Volcano |    422 |    422 |      0 |      0 |    311 |   1 |  422.0 |
               +--------+--------+--------+--------+--------+-----+--------+

Top non-repeatable levels by time:
    D:11: 2119 daAuts
  Lair:5: 1582 daAuts
    D:10: 1577 daAuts
     D:2: 1487 daAuts
     D:8: 1464 daAuts
   Orc:2: 1386 daAuts
  Lair:4: 1316 daAuts
  Lair:3: 1173 daAuts
     D:6: 1094 daAuts
    D:13: 1080 daAuts
     D:4: 1067 daAuts
   IceCv: 1051 daAuts
     D:9: 1038 daAuts
  Lair:2: 1025 daAuts
     D:1: 1018 daAuts
